[Event "SixDays Budapest March IM A 2025"]
[Site "Budapest"]
[Date "2025.03.25"]
[Round "3.1"]
[White "Heimisson, Hilmir Freyr"]
[Black "Ilincic, Zlatko"]
[Result "0-1"]
[Annotator "RC"]
[ECO "B20"]
[WhiteElo "2388"]
[BlackElo "2251"]
[PlyCount "128"]
[EventDate "2025.03.23"]
[EventCountry "HUN"]
[SourceTitle "playchess.com"]
[Source "ChessBase"]
[SourceQuality "1"]
[TimeControl "5400+30"]

1. e4 c5 2. d4 cxd4 3. Qxd4 Nc6 4. Qd3 Nf6 5. Nc3 g6 6. Nf3 d6 7. Be2 Bg7 8. O-O O-O 9. Nd5 Bg4 10. Bg5 Bxf3 11. Bxf3 Ne5 12. Qb3 Nxf3+ 13. Qxf3 Nxd5 14. exd5 Bxb2 15. Rab1 Bf6 16. Bh6 Re8 17. Rxb7 Qc8 18. Qb3 a5 19. Rb1 a4 20. Qd3 Qc3 21. Qxc3 Bxc3 22. Rc7 Bg7 23. Be3 Bf6 24. Kf1 Reb8 25. Rxb8+ Rxb8 26. Ra7 Kg7 27. Rxa4 Rb2 28. c4 g5 29. g4 Kg6 30. Ke1 h5 31. gxh5+ Kxh5 32. Kd1 Kg6 33. Ra8 Rb4 34. a4 Rxc4 35. Ke2 Kf5 36. f3 Ke5 37. Kd3 Rh4 38. a5 Ra4 39. a6 Ra3+ 40. Ke2 Kxd5 41. a7 Bd4 42. Bxg5 f6 43. Bd2 Rxa7 44. Rxa7 Bxa7 45. h4 e5 46. f4 Ke6 47. Kf3 f5 48. fxe5 dxe5 49. h5 Kf6 50. Kg3 Bd4 51. Kh4 Bf2+ 52. Kh3 e4 53. Bf4 Be1 54. Bc1 Bc3 55. Kh4 Be5 56. h6 Kg6 57. Bd2 Bd6 58. Bc1 Bf8 59. h7 Be7+ 60. Kg3 Kxh7 61. Kf4 Kg6 62. Ke5 Bf6+ 63. Kd5 Bg5 64. Bb2 e3 0-1

[Event "SixDays Budapest March IM A 2025"]
[Site "Budapest"]
[Date "2025.03.25"]
[Round "3.2"]
[White "Li, Yilin"]
[Black "Karacsonyi, Bank"]
[Result "1-0"]
[Annotator "TA"]
[ECO "B28"]
[WhiteElo "1904"]
[BlackElo "2162"]
[PlyCount "101"]
[EventDate "2025.03.23"]
[EventCountry "HUN"]
[SourceTitle "playchess.com"]
[Source "ChessBase"]
[SourceQuality "1"]
[TimeControl "5400+30"]

1. e4 c5 2. Nf3 a6 3. c4 Nc6 4. d4 cxd4 5. Nxd4 e5 6. Nc2 Nf6 {[%emt 0:03:47] B28: Sicilian: 2 Nf3 a6 (O'Kelly Variation).} 7. Nc3 Be7 8. Be3 d6 {[%emt 0:07:05] White is slightly better.} 9. Be2 O-O 10. O-O Be6 11. b3 Nd7 12. g4 $146 (12. f3 $16) (12. Nd5 f5 13. exf5 Bxf5 14. Qd2 Nc5 15. Rad1 Ne6 16. Bd3 Bxd3 17. Qxd3 Bg5 18. Bb6 {1-0 Howell,D (2663)-Simonovic,M (2115) Titled Tuesday intern op 31st Jan Late blitz 2023 (10)}) 12... Rb8 13. Kh1 Qa5 14. Bd2 Qc7 15. Ne3 Qd8 (15... Bg5 $11) 16. Ned5 (16. Nf5 $14) 16... Bg5 $11 17. Be3 Bxe3 18. fxe3 Qg5 (18... Na7 $142) 19. Qe1 Qg6 20. Qg3 Nc5 21. Qg2 Bxd5 22. exd5 Nb4 23. Rac1 e4 (23... f6 $1 $11) 24. a3 (24. Rf5 $16) 24... Nbd3 25. Rb1 {[%emt 0:00:46] [#]} Rfe8 26. Rf5 (26. b4 $5 Nd7 $8 27. Rb3 $11) 26... Rbc8 27. h4 Qh6 28. Qg3 {[%emt 0:01:27] Black must now prevent g5.} f6 29. Kg2 Re5 30. b4 Nd7 {[%emt 0:00:59] Excellent horsemanship.} (30... Rxf5 $2 31. gxf5 $18) 31. Rxe5 {[%emt 0:00:36] Successful Defense White} N7xe5 {[%emt 0:01:10][%mdl 8192] [#] Black is now going downhill.} (31... N3xe5 $11 {and Black is okay.} 32. Nxe4 Nxc4) 32. Nxe4 $18 Rxc4 $2 (32... Rd8 {was necessary.} 33. Nxd6 (33. Bxd3 Nxd3 34. Nxd6 Qg6 $18) 33... Rxd6) 33. Nxd6 {[%emt 0:00:10] White is clearly winning.} Rc2 34. Nf5 ({Not} 34. Kf1 g6 35. Nxb7 g5 $18 (35... Nc1 $2 36. Bd1 $16)) 34... Rxe2+ 35. Kf1 Rf2+ 36. Qxf2 $1 Nxf2 37. Nxh6+ gxh6 38. Kxf2 Nxg4+ {[%emt 0:00:08][%mdl 4096] Endgame KR-KN} 39. Kf3 Ne5+ 40. Ke4 Nc4 41. Ra1 Kf7 42. a4 Nd2+ 43. Kd3 Nf3 44. h5 Ke7 45. b5 Kd6 46. Rf1 Ne5+ 47. Kd4 Nd7 48. bxa6 bxa6 49. e4 Ke7 50. Rg1 Kf7 {[%emt 0:00:05] Dodges Rg7+} 51. Rb1 {[%emt 0:00:08] Weighted Error Value: White=0.10 (very precise) /Black=0.49  Loses game:     	---       	Black=1      Mistake:       	White=3     	Black=4      Inaccurate:     	White=2     	Black=3      OK:         	White=12    	Black=8      Best:        	White=3     	Black=1} 1-0

[Event "SixDays Budapest March IM A 2025"]
[Site "Budapest"]
[Date "2025.03.25"]
[Round "3.3"]
[White "Singh, Siddharth"]
[Black "Mrithyunjay Mahadevan"]
[Result "1-0"]
[Annotator "NA RC"]
[ECO "C55"]
[WhiteElo "2239"]
[BlackElo "2295"]
[PlyCount "97"]
[EventDate "2025.03.23"]
[EventCountry "HUN"]
[SourceTitle "playchess.com"]
[Source "ChessBase"]
[SourceQuality "1"]
[TimeControl "5400+30"]

1. e4 e5 2. Nf3 Nc6 3. Bc4 Nf6 4. d3 h6 5. O-O d6 6. a4 g6 7. Nc3 Bg7 8. h3 O-O 9. Be3 Na5 10. Ba2 c5 11. Nd5 Nc6 12. Qd2 Kh7 13. Nxf6+ Qxf6 14. Ng5+ Kg8 15. c3 Qe7 16. Nxf7 Rxf7 17. Bxf7+ Qxf7 18. Bxh6 Be6 19. Bxg7 Qxg7 20. f4 Qh6 21. Rf2 Rf8 22. Raf1 Bb3 23. a5 Nxa5 24. Qe2 exf4 25. Qg4 g5 26. Rxf4 Rxf4 27. Rxf4 Be6 28. Qg3 Nc6 29. Rf1 Ne5 30. d4 cxd4 31. cxd4 Nf7 32. e5 dxe5 33. dxe5 Qf8 34. Qe3 b6 35. Rf6 Qe7 36. Qe4 Kf8 37. Qg6 Qc5+ 38. Kh1 Qc1+ 39. Kh2 Qc4 40. Qxg5 Ke7 41. Qg3 Qd4 42. Qa3+ Kd7 43. Qxa7+ Kc8 44. Qa8+ Kd7 45. Qb7+ Kd8 46. Rxe6 Qf4+ 47. g3 Qd2+ 48. Qg2 Qd3 49. Qa8+ 1-0

[Event "SixDays Budapest March IM A 2025"]
[Site "Budapest"]
[Date "2025.03.25"]
[Round "3.4"]
[White "Md Imran"]
[Black "Kustar, Sandor"]
[Result "1-0"]
[Annotator "TA"]
[ECO "A05"]
[WhiteElo "2421"]
[BlackElo "2231"]
[PlyCount "87"]
[EventDate "2025.03.23"]
[EventCountry "HUN"]
[SourceTitle "playchess.com"]
[Source "ChessBase"]
[SourceQuality "1"]
[TimeControl "5400+30"]

1. Nf3 Nf6 2. c4 b6 3. Nc3 Bb7 4. d4 e6 5. a3 d5 6. cxd5 Nxd5 7. e3 g6 8. Bb5+ c6 9. Bd3 Bg7 10. e4 Nxc3 {[%emt 0:00:29] E12: Queen's Indian: Unusual White 4th moves, 4 a3, 4 Nc3 Bb7 5 a3 and 4 Nc3 Bb7 .} 11. bxc3 c5 12. O-O O-O {[%emt 0:00:42][%cal Rc5d4] The position is equal.} 13. Bg5 Qc7 14. Qa4 $146 (14. Qe2 Nc6 15. e5 Na5 16. Be4 Bxe4 17. Qxe4 Qc6 18. Qh4 cxd4 19. cxd4 Rfc8 20. Bf6 {1-0 Mikaelyan,A (2508)-Barria Zuniga,D (2341) Titled Tuesday intern op 06th Feb Late blitz 2024 (4)}) 14... Nc6 15. Rfd1 a6 16. Rac1 b5 17. Qc2 c4 18. Bf1 Rae8 (18... Na5 $15) 19. a4 f5 20. axb5 axb5 21. exf5 Rxf5 22. Bh4 Ne7 23. Bg3 Qc6 {[%emt 0:00:13] [#] Hoping for ...Rxf3.} 24. Ne5 Qd5 25. Rb1 Bxe5 26. dxe5 Qc5 27. Rd6 Nc8 (27... Rf7 $11) 28. Rd4 $36 {[%emt 0:01:29][%cal Of1c4][%mdl 2048] White has the initiative.} Ne7 {[%emt 0:00:12] Black is on the road to losing.} ({Better is} 28... Bd5 $14) 29. Bxc4 $1 $16 Qc6 (29... bxc4 $16 30. Rxb7 Rf7) 30. Bf1 $18 {[%emt 0:00:21] Active counter play!} (30. Rxb5 $2 Qxg2#) 30... Rc8 31. Rxb5 (31. Bxb5 $2 Qxg2#) 31... Ba6 32. Rd6 Bxb5 33. Rxc6 Bxc6 34. Qb3 Bd5 (34... Nd5 35. h4 Rf7) 35. c4 Ba8 36. Qa3 Rf7 37. Bh4 Nc6 (37... Nf5) 38. Qd6 Re8 39. h3 Ra7 $2 (39... Nb8 {was called for.} 40. Be2 Rd7) 40. Be2 Kf7 41. Qd2 {[%emt 0:01:02] [#] aiming for Bf6.} Kg8 (41... Ne7 $142 42. Bf6 Nf5) 42. Bf6 Ne7 43. Kh2 Nc6 $2 (43... Nf5 44. Bg4 Ng7) 44. h4 {[%emt 0:00:25] Weighted Error Value: White=0.29 (precise) /Black=0.59  Mistake:       	---       	Black=9      Inaccurate:     	White=2     	Black=1      OK:         	White=11    	Black=12     Best:        	White=3     	Black=1      Strong:       	White=1     	---} 1-0

[Event "SixDays Budapest March IM A 2025"]
[Site "Budapest"]
[Date "2025.03.25"]
[Round "3.5"]
[White "Nakahara, Kan"]
[Black "Cu, Ivan Travis"]
[Result "1-0"]
[Annotator "TA"]
[ECO "B34"]
[WhiteElo "2113"]
[BlackElo "2286"]
[PlyCount "85"]
[EventDate "2025.03.23"]
[EventCountry "HUN"]
[SourceTitle "playchess.com"]
[Source "ChessBase"]
[SourceQuality "1"]
[TimeControl "5400+30"]

1. e4 c5 2. Nf3 g6 3. d4 cxd4 4. Nxd4 Nc6 5. Nxc6 bxc6 6. Qd4 Nf6 7. e5 Nd5 {[%emt 0:00:32] B34: Sicilian: Accelerated Dragon with 5 Nc3: sidelines.} 8. e6 Nf6 9. exd7+ Qxd7 {[%emt 0:03:20] The position is equal.} 10. Qxd7+ Bxd7 11. Nd2 $146 {[%emt 0:05:15] Not much happening anymore} (11. g3 Bg7 12. Bg2 O-O 13. O-O Rab8 14. Nd2 Rfd8 15. Nb3 Nd5 16. c3 Be8 17. Re1 {0-1 Makhmudov,S (2115)-Perez Candelario,M (2573) Titled Tuesday intern op 11th Jul Early blitz 2023 (1)}) 11... Bg7 12. Nb3 Nd5 13. c3 {[%emt 0:06:38] Repels Nb4} a5 14. a4 O-O 15. Bc4 Nb6 16. Be2 Be6 17. Nc5 Bd5 18. O-O Rfb8 19. Bf4 e5 20. Be3 Nc4 21. Bxc4 Bxc4 22. Rfb1 Bd5 23. Nd7 Rb7 24. Nc5 Rbb8 25. Nd7 Rd8 26. Nb6 Rab8 27. b4 e4 (27... Be4 $11 28. Rd1 Bd3) 28. Ra3 (28. bxa5 $16 {Black must now prevent a6.} Bxc3 29. a6) 28... Bf8 ({Black should play} 28... Be6 $11) 29. Raa1 (29. h3 $14) 29... Be6 (29... Bg7 $1 $11 {keeps the balance.}) 30. bxa5 $16 {[%emt 0:02:56][%csl Oa5] White has a strong passed pawn} Rb7 {[%emt 0:00:07] [#]} 31. a6 $1 Rc7 32. a5 c5 33. Na4 $36 {[%emt 0:01:25][%mdl 2048] Black is under strong pressure.} Ra8 {[%emt 0:00:31] [#]} (33... Bc4 $16) 34. Rb7 $1 $18 Rc6 (34... Bd6 {is tougher.} 35. Rb6 (35. Rxc7 Bxc7 36. Nxc5 Bc4 $18) 35... Bf8) 35. a7 {[%emt 0:01:06] White is clearly winning.} Bc8 36. Rb8 Rxa7 37. Nb6 Rd6 38. h3 Rxa5 39. Rxa5 Rd1+ 40. Kh2 Bd6+ 41. g3 Bxb8 42. Nxc8 c4 (42... f5 $142 43. Kg2 (43. Bxc5 f4 $18) (43. Rxc5 Rb1 $18) 43... Kf7 44. Rxc5 Ke6) 43. Ra8 {[%emt 0:01:34] Weighted Error Value: White=0.20 (precise) /Black=0.47  Mistake:       	White=2     	Black=6      Inaccurate:     	White=3     	Black=4      OK:         	White=15    	Black=15     Best:        	White=5     	Black=3      Strong:       	White=2     	---} 1-0